 Dungeon Crawl Stone Soup version 0.23.1 (webtiles) character file.

Game seed: 17644086475358058208

106 esteth the Magician (level 4, -2/32 HPs)
             Began as a Gnoll Wizard on Mar 16, 2019.
             Slain by an orc wizard
             ... wielding a +0 dagger
              (7 damage)
             ... on level 3 of the Dungeon.
             The game lasted 00:03:39 (2086 turns).

esteth the Magician (Gnoll Wizard)                  Turns: 2086, Time: 00:03:40

Health: -2/32      AC:  2    Str: 10    XL:     4   Next: 84%
Magic:  3/13       EV: 14    Int: 21    God:
Gold:   107        SH:  0    Dex: 13    Spells: 14/17 levels left

rFire    . . .     SeeInvis .   j - +2 whip (elec)
rCold    . . .     Gourm    .   (no shield)
rNeg     . . .     Faith    .   a - +0 robe
rPois    .         Spirit   .   b - +0 hat
rElec    .         Reflect  .   (no cloak)
rCorr    .         Harm     .   (no gloves)
MR       .....                  (no boots)
Stlth    ++........             (no amulet)
HPRegen  0.10/turn              i - ring of stealth
MPRegen  0.13/turn              (no ring)

@: confused
A: distributed training, fangs 1, strong nose
a: no special abilities


You were on level 3 of the Dungeon.
You were hungry.

You visited 1 branch of the dungeon, and saw 3 of its levels.

You collected 107 gold pieces.

Inventory:

Hand Weapons
 j - a +2 whip of electrocution (weapon)
Armour
 a - a +0 robe (worn)
 b - a +0 hat (worn)
Jewellery
 g - a cursed ring of fire
 i - a ring of stealth (left hand)
Scrolls
 c - a scroll of remove curse
 e - 5 scrolls of teleportation
 h - 4 scrolls of identify
 n - 2 scrolls of fear {unknown}
Potions
 f - a potion of heal wounds
 l - a potion of agility
 m - a potion of flight {unknown}
Comestibles
 d - 4 rations
 k - 3 chunks of flesh


   Skills:
 + Level 1.2 Fighting
 + Level 1.2 Short Blades
 + Level 1.2 Long Blades
 + Level 1.2 Axes
 + Level 1.2 Maces & Flails
 + Level 1.2 Polearms
 + Level 1.2 Staves
 + Level 1.2 Slings
 + Level 1.2 Bows
 + Level 1.2 Crossbows
 + Level 1.2 Throwing
 + Level 1.2 Armour
 + Level 4.7 Dodging
 + Level 4.3 Stealth
 + Level 1.2 Shields
 + Level 1.2 Unarmed Combat
 + Level 7.2 Spellcasting
 + Level 2.3 Conjurations
 + Level 1.0 Hexes
 + Level 1.0 Charms
 + Level 2.3 Summonings
 + Level 1.0 Necromancy
 + Level 2.3 Translocations
 + Level 1.0 Transmutations
 + Level 1.0 Fire Magic
 + Level 1.0 Ice Magic
 + Level 1.0 Air Magic
 + Level 1.0 Earth Magic
 + Level 1.0 Poison Magic
 + Level 1.3 Invocations
 + Level 1.2 Evocations


You had 14 spell levels left.
You knew the following spells:

 Your Spells              Type           Power        Failure   Level  Hunger
a - Magic Dart            Conj           ###.         3%          1    None
b - Call Imp              Summ           ###.....     4%          2    None

Your spell library contained the following spells:

 Spells                   Type           Power        Failure   Level  Hunger
 Blink                    Tloc           N/A          4%          2    None
 Slow                     Hex            ##......     9%          2    None
 Conjure Flame            Conj/Fire      ##......     13%         3    None
 Mephitic Cloud           Conj/Pois/Air  ##......     14%         3    None


Dungeon Overview and Level Annotations

Branches:
Dungeon (3/15)

Altars:
Nemelex Xobeh

Annotations:
D:2 exclusion: sky beast


Innate Abilities, Weirdness & Mutations

Your experience applies equally to all skills.
You have very sharp teeth.
Your uncanny sense of smell can sniff out nearby items.


Message History

The orc hits you with a +0 club. Something hits you.
Are you sure you want to stumble around while confused and next to your white imp? [Y]es or [N]o only, please.
Are you sure you want to stumble around while confused and next to your white imp?
Okay, then.
You hear some strange, mumbled words.
You are more confused.
The orc hits you with a +0 club. Something barely misses you.
The orc closely misses you. Something hits you but does no damage.
The orc barely misses you. Something hits you.
The orc hits you but does no damage.
You're too confused to cast spells.
Something hits you. The orc hits you with a +0 club. Something hits you.
* * * LOW HITPOINT WARNING * * *
The orc closely misses you. Something hits you but does no damage.
The orc hits you with a +0 club.
* * * LOW HITPOINT WARNING * * *
Something hits you!
You die...

## ############ ...
#......>...# †...
#..........# ....)
#........@{####......
#.......5)o.......†..
#..........####...†..
#..........# .....
#..........# ....
#####.###### ... #.#
.. #.## # #..#


You could see an orc and a friendly white imp.

Vanquished Creatures
  2 gnolls
  2 adders (D:2)
  2 oozes
  A worm (D:2)
  2 leopard geckos
  3 orcs (D:3)
  A giant cockroach (D:2)
  4 goblins
  3 hobgoblins (D:2)
  2 quokkas (D:2)
  3 bats
  3 frilled lizards
  4 kobolds
  8 rats
40 creatures vanquished.

Vanquished Creatures (collateral kills)
  An orc wizard (D:3)
1 creature vanquished.

Grand Total: 41 creatures vanquished

Notes
Turn   | Place    | Note
-------+----------+-------------------------------------------
     0 | D:1      | esteth the Gnoll Wizard began the quest for the Orb.
     0 | D:1      | Reached XP level 1. HP: 13/13 MP: 8/8
   314 | D:1      | Reached XP level 2. HP: 19/19 MP: 3/10
   440 | D:1      | Found a sparkling altar of Nemelex Xobeh.
   831 | D:2      | Reached XP level 3. HP: 21/25 MP: 11/11
  1198 | D:2      | Reached skill level 1 in Invocations
  1210 | D:2      | Reached skill level 1 in Fighting
  1210 | D:2      | Reached skill level 1 in Short Blades
  1210 | D:2      | Reached skill level 1 in Long Blades
  1210 | D:2      | Reached skill level 1 in Axes
  1210 | D:2      | Reached skill level 1 in Maces & Flails
  1210 | D:2      | Reached skill level 1 in Polearms
  1210 | D:2      | Reached skill level 1 in Staves
  1210 | D:2      | Reached skill level 1 in Slings
  1210 | D:2      | Reached skill level 1 in Bows
  1210 | D:2      | Reached skill level 1 in Crossbows
  1210 | D:2      | Reached skill level 1 in Throwing
  1210 | D:2      | Reached skill level 1 in Armour
  1210 | D:2      | Reached skill level 1 in Shields
  1210 | D:2      | Reached skill level 1 in Unarmed Combat
  1210 | D:2      | Reached skill level 1 in Evocations
  1587 | D:2      | Reached XP level 4. HP: 32/32 MP: 11/13
  1596 | D:2      | Noticed a sky beast
  1988 | D:3      | Learned a level 2 spell: Call Imp
  2071 | D:3      | Reached skill level 1 in Hexes
  2071 | D:3      | Reached skill level 1 in Charms
  2071 | D:3      | Reached skill level 1 in Necromancy
  2071 | D:3      | Reached skill level 1 in Transmutations
  2071 | D:3      | Reached skill level 1 in Fire Magic
  2071 | D:3      | Reached skill level 1 in Ice Magic
  2071 | D:3      | Reached skill level 1 in Air Magic
  2071 | D:3      | Reached skill level 1 in Earth Magic
  2071 | D:3      | Reached skill level 1 in Poison Magic
  2086 | D:3      | Slain by an orc wizard

Skill      XL: |  1  2  3  4 |
---------------+-------------+-----
Conjurations   | 2 |  2.3
Summonings     | 2 |  2.3
Translocations | 2 |  2.3
Invocations    | 1 |  1.3
Fighting       | 1 |  1.2
Short Blades   | 1 |  1.2
Long Blades    | 1 |  1.2
Axes           | 1 |  1.2
Maces & Flails | 1 |  1.2
Polearms       | 1 |  1.2
Staves         | 1 |  1.2
Slings         | 1 |  1.2
Bows           | 1 |  1.2
Crossbows      | 1 |  1.2
Throwing       | 1 |  1.2
Armour         | 1 |  1.2
Shields        | 1 |  1.2
Unarmed Combat | 1 |  1.2
Evocations     | 1 |  1.2
Hexes          | 1 |  1.0
Charms         | 1 |  1.0
Necromancy     | 1 |  1.0
Transmutations | 1 |  1.0
Fire Magic     | 1 |  1.0
Ice Magic      | 1 |  1.0
Air Magic      | 1 |  1.0
Earth Magic    | 1 |  1.0
Poison Magic   | 1 |  1.0
Dodging        | |  4.7
Stealth        | |  4.3
Spellcasting   | |  7.2

Action                   |  1- 3 |  4- 6 || total
-------------------------+-------+-------++-------
Melee: Whip              |    49 |     7 ||    56
       Bite              |     2 |     1 ||     3
 Cast: Magic Dart        |    15 |    31 ||    46
       Call Imp          |       |     3 ||     3
  Use: Scroll            |     4 |       ||     4
       Potion            |     3 |       ||     3
 Stab: Sleeping          |     7 |       ||     7
  Eat: Chunk             |     2 |     1 ||     3
Armor: Robe              |     4 |     3 ||     7
Dodge: Dodged            |    30 |    18 ||    48
